AoeStats
← Bahamut

Arena

509938908Analyzed
3v3 RM · 5d ago on Sep 28, 2026· 47m 56s· 6 players
Game mode
Random Map
Map size
Normal (6 player)
Population
200
Speed
Normal
Resources
Standard
Victory
Conquest
Starting age
Dark Age
Ending age
Imperial Age
RankedLock teamsTeams togetherTeam positionsShared explorationLock speedFull tech treeHidden civsTurbo modeCheats
Victory
Defeat
🇨🇴 Japanese · Colombia
1007
+15
🇺🇸 Vikings · United States
963
+17
🇨🇴 Byzantines · Colombia
923
+18
🇮🇳 Shu · India
996
-17
🇮🇳 Saxons · India
981
-17
🇮🇳 Vietnamese · India
955
-16
Bahamut
7:13 Loom
9:17 Feudal Age
9:51 Double-Bit Axe
10:08 Horse Collar
17:03 Castle Age
18:47 Bow Saw
21:45 Scale Mail Armor
22:19 Stone Mining
22:20 Gold Mining
25:03 Gold Shaft Mining
26:13 Forging
26:11 Squires
29:09 Padded Archer Armor
29:00 Fletching
32:27 Imperial Age
29:47 Treadmill Crane
30:29 Ballistics
31:54 Iron Casting
31:34 Chain Mail Armor
33:33 Conscription
34:02 Plate Mail Armor
34:33 Blast Furnace
35:46 Chemistry
35:44 Elite Varangian Guard
36:30 Chieftains
36:40 Arson
40:15 Blast Furnace
45:39 Bodkin Arrow
Anabella9011
11:16 Feudal Age
15:54 Castle Age
16:42 Double-Bit Axe
19:01 Loom
20:23 Fletching
20:26 Horse Collar
21:24 Bodkin Arrow
21:32 Padded Archer Armor
23:07 Wheelbarrow
22:59 Bow Saw
24:01 Gold Mining
24:23 Padded Archer Armor
23:46 Elite Skirmisher
24:32 Heavy Plow
25:20 Leather Archer Armor
25:57 Fervor
26:26 Hand Cart
26:21 Thumb Ring
27:14 Gold Shaft Mining
26:30 Stone Mining
27:16 Fortified Wall
26:35 Crossbowman
28:57 Stone Shaft Mining
28:52 Murder Holes
29:19 Scale Barding Armor
29:24 Forging
29:43 Gambesons
29:58 Squires
29:43 Arson
29:18 Pikeman
30:03 Devotion
32:55 Imperial Age
31:33 Chain Barding Armor
32:06 Iron Casting
31:54 Ballistics
31:16 Treadmill Crane
32:16 Scale Mail Armor
31:42 Man-at-Arms
32:57 Sanctity
32:52 Guard Tower
33:24 Husbandry
32:46 Light Cavalry
33:38 Greek Fire
34:56 Two-Man Saw
34:26 Crop Rotation
34:00 Bracer
34:30 Ring Archer Armor
34:37 Conscription
34:53 Hoardings
36:23 Chemistry
35:09 Arrowslits
36:00 Keep
36:01 Ring Archer Armor
35:35 Cavalier
36:55 Block Printing
37:12 Illumination
37:41 Plate Barding Armor
37:37 Chain Mail Armor
37:19 Heavy Camel Rider
38:26 Guilds
37:50 Arbalester
38:38 Paladin
41:31 Plate Mail Armor
40:25 Halberdier
43:11 Elite Cataphract
44:03 Logistica
kavobi
10:44 Feudal Age
15:26 Castle Age
13:17 Double-Bit Axe
13:24 Horse Collar
18:07 Loom
19:32 Bow Saw
19:30 Heavy Plow
24:35 Stone Mining
24:37 Gold Mining
25:27 Wheelbarrow
26:33 Gold Shaft Mining
27:14 Squires
27:00 Arson
27:00 Gambesons
27:45 Treadmill Crane
28:31 Hand Cart
32:17 Imperial Age
30:31 Town Watch
31:04 Forging
30:55 Scale Mail Armor
31:23 Ballistics
32:20 Iron Casting
32:59 Town Patrol
32:29 Elite Samurai
33:32 Kataparuto
33:36 Conscription
34:19 Chemistry
33:46 Chain Mail Armor
34:18 Siege Engineers
35:58 Blast Furnace
35:28 Plate Mail Armor
34:50 Fletching
35:32 Murder Holes
39:41 Capped Ram
Badbrahmin
11:04 Feudal Age
14:45 Castle Age
12:47 Double-Bit Axe
13:16 Horse Collar
14:45 Gold Mining
14:45 Stone Mining
22:50 Wheelbarrow
22:02 Loom
23:18 Redemption
25:04 Fletching
31:05 Imperial Age
28:23 Clerical Recruitment
29:53 Man-at-Arms
31:03 Bow Saw
31:41 Scale Mail Armor
31:52 Forging
32:13 Conscription
32:54 Shield Wall
34:16 Conscription
34:16 Chain Mail Armor
34:37 Iron Casting
34:01 Long Swordsman
34:27 Gambesons
36:10 Plate Mail Armor
35:10 Two-Handed Swordsman
36:22 Squires
36:12 Champion
39:08 Arson
rubyelephant
11:03 Feudal Age
14:58 Castle Age
12:44 Double-Bit Axe
13:36 Horse Collar
17:21 Wheelbarrow
17:29 Bow Saw
19:01 Gold Mining
23:34 Heavy Plow
24:47 Forging
24:46 Scale Barding Armor
25:25 Town Watch
25:41 Stone Mining
27:18 Hand Cart
27:55 Chain Barding Armor
29:34 Loom
30:01 Forging
29:42 Fletching
29:52 Padded Archer Armor
30:45 Scale Mail Armor
31:29 Bodkin Arrow
31:06 Crossbowman
32:26 Thumb Ring
35:12 Imperial Age
33:41 Ballistics
35:33 Leather Archer Armor
35:48 Arbalester
36:29 Bracer
37:00 Ring Archer Armor
39:24 Bolt Magazine
40:08 Chain Mail Armor
43:19 Elite White Feather Guard
44:04 Coiled Serpent Array
44:26 Conscription
UPPI ANNA
12:00 Feudal Age
13:40 Double-Bit Axe
14:36 Wheelbarrow
17:33 Castle Age
16:10 Horse Collar
18:57 Bow Saw
19:23 Hand Cart
21:19 Bow Saw
22:28 Fletching
22:41 Padded Archer Armor
23:25 Gold Mining
23:40 Heavy Plow
29:29 Imperial Age
28:30 Elite Skirmisher
30:14 Leather Archer Armor
29:55 Bodkin Arrow
30:25 Ballistics
29:43 Imperial Skirmisher
31:42 Ring Archer Armor
32:29 Bracer
33:37 Chemistry
33:42 Two-Man Saw
33:39 Thumb Ring
39:48 Crop Rotation
39:11 Stone Mining
Connection lost

Rejoining the realm…

Still unreachable

The connection could not be restored.

Session expired

The server has moved on; the page needs a fresh start.